Map: Mementos LE

Players

MooEsqoo

  • Race: Protoss Protoss
  • Spawn Location: 7:00

raymondel

  • Race: Protoss Protoss
  • Spawn Location: 9:00

VUral

  • Race: Terran Terran
  • Spawn Location: 6:00

hostelboy

  • Race: Zerg Zerg
  • Spawn Location: 9:00

Trictro

  • Race: Protoss Protoss
  • League: Silver
  • Spawn Location: 3:00

Zeratul

  • Race: Zerg Zerg
  • Spawn Location: 3:00

Felix

  • Race: Protoss Protoss
  • Spawn Location: 1:00

TDIM

  • Race: Zerg Zerg
  • Spawn Location: 12:00

VOD

Have the link to the VOD?

Description

Time

  • Played on: Nov. 26, 2019, 8:53 a.m.
  • Length: 19:07
Show
View Real Time Build Order
Export as new Build Order

MooEsqoo Protoss 

Build Orders: Cannon Rush, Carriers 

Get SALT Encoding   

  12  0:02  Probe  
  13  0:20  Probe  
  14  0:31  Pylon  
  14  0:34  Probe  
  15  0:49  Forge  
  15  0:54  Gateway  
  15  0:56  Probe  
  16  1:12  Pylon  
  16  1:15  Probe  
  17  1:34  Photon Cannon  
  17  1:46  Photon Cannon  
  17  1:51  Photon Cannon  
  17  1:58  Pylon  
  17  2:12  Cybernetics Core  
  17  2:18  Photon Cannon  
  17  2:28  Pylon  
  17  2:50  Photon Cannon  
  17  2:52  Photon Cannon  
  17  2:54  Probe  
  18  2:58  Assimilator  
  18  3:00  Assimilator  
  18  3:08  Shield Battery  
  18  3:12  Probe  
  19  3:17  Shield Battery  
  19  3:31  Probe  
  20  3:47  Stalker (Chrono Boost)  
  22  4:17  Nexus  
  17  4:44  Shield Battery  
  17  4:50  Probe (Chrono Boost)  
  18  4:55  Stalker  
  21  5:00  Probe (Chrono Boost)  
  21  5:05  Probe (Chrono Boost)  
  22  5:17  Probe  
  23  5:25  Stalker  
  25  5:30  Probe (Chrono Boost)  
  25  5:32  Probe (Chrono Boost)  
  27  5:40  Probe (Chrono Boost)  
  27  5:42  Probe (Chrono Boost)  
  29  5:48  Probe x2 (Chrono Boost)  
  31  5:55  Pylon  
  31  5:56  Probe (Chrono Boost)  
  33  5:57  Probe (Chrono Boost), Assimilator  
  33  6:03  Assimilator  
  33  6:05  Pylon  
  33  6:08  Probe (Chrono Boost)  
  35  6:12  Probe (Chrono Boost)  
  35  6:13  Photon Cannon  
  35  6:18  Probe  
  35  6:19  Probe  
  37  6:26  Photon Cannon  
  37  6:31  Probe x2  
  39  6:44  Probe  
  40  6:49  Probe  
  40  6:51  Protoss Air Weapons Level 1 (Chrono Boost)  
  40  6:53  Stargate  
  41  6:55  Stargate  
  41  6:56  Probe, Stargate  
  41  6:59  Stargate  
  42  7:01  Probe  
  43  7:34  Probe x2  
  45  7:46  Probe x2  
  47  8:01  Void Ray x2  
  47  8:02  Void Ray  
  59  8:20  Probe x2  
  61  8:30  Fleet Beacon  
  61  8:32  Probe x2  
  63  8:39  Warp Gate, Stalker  
  65  8:44  Probe x2  
  67  8:48  Photon Cannon  
  67  8:56  Probe x2  
  69  9:23  Pylon x2  
  69  9:26  Pylon  
  69  9:28  Pylon  
  69  9:29  Pylon  
  69  9:30  Pylon  
  69  9:32  Pylon x2  
  69  9:35  Pylon  
  69  9:41  Carrier  
  69  9:42  Carrier  
  69  9:44  Carrier  
  87  9:55  Robotics Facility  
  87  10:34  Protoss Air Weapons Level 2 (Chrono Boost)  
  87  10:45  Carrier  
  93  11:07  Pylon  
  93  11:09  Pylon  
  93  11:27  Photon Cannon  
  93  11:28  Photon Cannon  
  93  11:30  Photon Cannon  
  93  11:32  Photon Cannon  
  93  11:33  Photon Cannon  
  93  11:35  Photon Cannon  
  93  11:38  Photon Cannon  
  93  11:41  Photon Cannon  
  93  11:44  Observer (Chrono Boost)  
  93  11:54  Carrier  
  99  11:55  Carrier  
  99  11:56  Carrier  
  111  12:18  Carrier  
  111  13:03  Pylon  
  111  13:05  Pylon  
  111  13:10  Carrier  
  123  13:22  Photon Cannon x2  
  123  13:24  Photon Cannon x2  
  121  13:45  Carrier  
  121  13:52  Photon Cannon  
  121  13:53  Photon Cannon  
  121  13:55  Photon Cannon  
  121  13:57  Photon Cannon  
  121  13:58  Photon Cannon  
  121  13:59  Photon Cannon  
  121  14:01  Photon Cannon  
  121  14:17  Pylon  
  121  14:19  Pylon  
  121  14:22  Pylon  
  121  14:27  Observer (Chrono Boost)  
  122  14:40  Observer (Chrono Boost)  
  123  14:54  Pylon  
  123  14:56  Pylon  
  107  16:12  Carrier x3 (Chrono Boost)  
  125  16:29  Probe  
  126  16:41  Probe  
  127  16:53  Probe  
  128  17:05  Probe  
  128  17:06  Carrier x2 (Chrono Boost)  
  129  17:14  Cybernetics Core  
  141  17:17  Probe  
  142  18:07  Pylon  
  142  18:08  Pylon  
  142  18:11  Pylon  
  142  18:15  Pylon  
  142  18:16  Pylon  
  142  18:21  Pylon  
  142  18:25  Probe, Pylon  
Show
View Real Time Build Order
Export as new Build Order

raymondel Protoss 

Build Orders:  

Get SALT Encoding   

  12  0:04  Probe (Chrono Boost)  
  13  0:13  Probe (Chrono Boost)  
  14  0:18  Pylon  
  14  0:21  Probe  
  15  0:46  Pylon  
  15  0:51  Gateway  
  15  0:57  Pylon  
  15  1:03  Forge  
  15  1:06  Probe (Chrono Boost)  
  16  1:17  Probe (Chrono Boost)  
  17  1:27  Assimilator  
  17  1:31  Assimilator  
  17  1:52  Nexus  
  17  2:01  Cybernetics Core  
  17  2:07  Probe (Chrono Boost)  
  18  2:19  Probe (Chrono Boost)  
  19  2:27  Probe (Chrono Boost)  
  20  2:33  Probe  
  21  2:40  Robotics Facility  
  21  2:45  Probe  
  22  2:56  Robotics Facility  
  23  2:58  Probe (Chrono Boost)  
  23  3:01  Pylon  
  23  3:06  Probe (Chrono Boost)  
  25  3:14  Probe (Chrono Boost)  
  25  3:17  Probe (Chrono Boost)  
  26  3:22  Probe (Chrono Boost)  
  26  3:25  Probe (Chrono Boost)  
  26  3:26  Assimilator  
  28  3:27  Probe (Chrono Boost)  
  28  3:30  Assimilator  
  28  3:32  Probe  
  30  3:36  Probe  
  31  3:49  Immortal  
  35  3:58  Immortal  
  39  4:04  Probe  
  39  4:07  Probe  
  41  4:16  Probe  
  42  4:19  Probe  
  43  4:28  Probe  
  44  4:31  Probe  
  45  4:43  Immortal x2  
  53  5:16  Probe (Chrono Boost)  
  54  5:22  Immortal x2  
  62  5:32  Pylon  
  62  5:35  Pylon  
  62  5:39  Pylon  
  62  5:51  Probe  
  51  6:01  Immortal x2  
  51  6:03  Probe  
  56  6:28  Photon Cannon x2  
  56  6:30  Photon Cannon  
  56  6:32  Photon Cannon  
  56  6:35  Nexus  
  56  6:38  Pylon  
  56  6:40  Immortal, Pylon  
  56  6:41  Immortal  
  64  7:26  Immortal x2  
  68  7:54  Photon Cannon  
  68  7:55  Photon Cannon  
  68  7:57  Photon Cannon  
  68  7:59  Photon Cannon  
  68  8:05  Immortal x2  
  72  8:20  Probe (Chrono Boost)  
  72  8:26  Probe (Chrono Boost)  
  74  8:31  Probe (Chrono Boost)  
  74  8:34  Probe (Chrono Boost)  
  76  8:37  Probe (Chrono Boost)  
  76  8:39  Probe (Chrono Boost)  
  78  8:42  Pylon  
  78  8:44  Immortal x2  
  78  8:47  Probe  
  87  8:50  Probe  
  83  9:24  Observer (Chrono Boost)  
  84  10:21  Assimilator  
  84  10:24  Protoss Shields Level 1  
  84  10:26  Assimilator  
  84  10:27  Observer x2  
  86  10:48  Nexus  
  86  10:54  Photon Cannon  
  86  10:56  Pylon  
  86  10:57  Photon Cannon  
  86  10:59  Pylon  
  86  11:02  Photon Cannon, Pylon  
  86  11:04  Shield Battery  
  86  11:08  Pylon  
  86  11:09  Shield Battery  
  54  12:35  Immortal x2 (Chrono Boost)  
  52  13:11  Immortal x2 (Chrono Boost)  
  51  13:43  Immortal  
  59  13:54  Pylon x2  
  59  13:55  Pylon  
  59  14:04  Pylon  
  59  14:09  Pylon  
  50  14:12  Pylon  
  50  14:13  Pylon  
  47  14:17  Forge, Pylon  
  39  14:25  Pylon  
  22  15:01  Photon Cannon  
  22  15:02  Photon Cannon  
  22  15:04  Photon Cannon x2  
  22  15:05  Photon Cannon  
  17  17:44  Pylon x2  
  13  17:46  Pylon  
  13  17:48  Pylon  
  13  17:52  Pylon  
  13  17:53  Pylon  
  13  17:58  Forge  
Show
View Real Time Build Order
Export as new Build Order

VUral Terran 

Build Orders:  

Get SALT Encoding   

  12  0:02  SCV  
  13  0:14  SCV  
  14  0:21  Supply Depot  
  14  0:26  SCV  
  15  0:31  Refinery  
  15  0:43  SCV  
  15  0:49  Barracks  
  16  0:55  SCV  
  17  1:07  SCV  
  18  1:14  Supply Depot  
  18  1:19  SCV  
  19  1:31  SCV  
  20  1:40  Marine  
  20  1:43  SCV  
  20  1:46  Supply Depot  
  20  1:57  Marine  
  18  2:44  Marine  
  18  3:01  Marine  
  19  3:19  Marine  
  16  3:40  Marine  
  13  3:57  Marine  
Show
View Real Time Build Order
Export as new Build Order

hostelboy Zerg 

Build Orders: Pool First 

Get SALT Encoding   

  12  0:25  Drone  
  12  0:27  Drone  
  14  1:08  Overlord x2  
  14  1:14  Overlord  
  14  2:16  Drone x2  
  14  2:17  Drone  
  17  3:01  Spawning Pool  
  16  3:35  Hatchery  
  16  4:24  Zergling x6  
  18  4:49  Zergling x2  
  19  5:05  Zergling x6  
  22  5:20  Zergling x2  
  22  5:21  Zergling x4  
  21  6:08  Zergling x2  
  21  6:09  Zergling x4  
  15  7:33  Zergling x2  
  16  7:55  Hatchery  
  15  8:00  Zergling x2  
  15  8:01  Zergling x2  
  18  8:12  Zergling x2  
  18  8:13  Zergling x4  
  20  8:53  Hatchery  
  19  8:59  Spine Crawler  
  19  9:00  Spine Crawler  
  17  9:07  Hatchery  
  16  9:45  Zergling x2  
  16  9:46  Zergling x4  
  19  10:07  Extractor  
  17  10:48  Zergling x4  
  17  10:49  Zergling x2  
  20  10:58  Drone  
  20  10:59  Drone x2  
  23  11:40  Hatchery  
  12  12:24  Zergling x2  
  12  12:25  Zergling x4  
  14  12:36  Zergling x2  
  16  12:37  Zergling x4  
Show
View Real Time Build Order
Export as new Build Order

Trictro Protoss 

Build Orders:  

Get SALT Encoding   

  12  0:03  Probe (Chrono Boost)  
  13  0:13  Probe (Chrono Boost)  
  14  0:20  Pylon  
  14  0:28  Pylon  
  14  0:32  Probe  
  15  0:45  Probe  
  15  0:48  Gateway  
  17  0:57  Probe (Chrono Boost)  
  17  1:00  Pylon  
  17  1:09  Probe (Chrono Boost)  
  17  1:11  Assimilator  
  18  1:22  Pylon  
  18  1:37  Cybernetics Core  
  18  1:39  Probe  
  19  1:49  Assimilator  
  19  1:51  Probe  
  20  1:56  Gateway  
  20  2:03  Probe  
  20  2:07  Pylon  
  21  2:13  Zealot  
  23  2:27  Probe (Chrono Boost)  
  25  2:37  Probe (Chrono Boost)  
  25  2:42  Nexus  
  25  2:47  Probe  
  26  2:52  Warp Gate  
  26  2:59  Probe  
  27  3:05  Twilight Council  
  27  3:09  Pylon  
  27  3:22  Robotics Facility  
  27  3:23  Probe (Chrono Boost)  
  28  3:38  Pylon  
  28  3:41  Pylon  
  28  3:44  Probe  
  29  3:56  Probe  
  29  4:00  Gateway  
  30  4:13  Dark Shrine, Warp Prism  
  32  4:18  Probe (Chrono Boost)  
  34  4:26  Probe (Chrono Boost)  
  34  4:27  Probe (Chrono Boost)  
  34  4:29  Assimilator  
  35  4:32  Assimilator  
  35  4:33  Probe (Chrono Boost)  
  35  4:37  Probe (Chrono Boost)  
  37  4:47  Forge  
  37  4:55  Protoss Air Weapons Level 1  
  37  5:08  Nexus  
  37  5:12  Probe (Chrono Boost)  
  39  5:17  Probe (Chrono Boost)  
  40  5:23  Probe (Chrono Boost)  
  40  5:24  Stalker  
  40  5:25  Stalker x2  
  40  5:26  Probe (Chrono Boost)  
  47  5:33  Observer  
  47  5:34  Protoss Ground Weapons Level 1  
  48  5:44  Forge  
  48  5:50  Photon Cannon  
  48  5:54  Pylon  
  48  5:58  Pylon  
  48  6:12  Probe (Chrono Boost)  
  49  6:22  Probe (Chrono Boost)  
  49  6:23  Photon Cannon  
  49  6:24  Photon Cannon  
  50  6:26  Pylon  
  50  6:27  Shield Battery  
  50  6:30  Probe x2 (Chrono Boost)  
  52  6:39  Probe (Chrono Boost)  
  54  6:42  Probe (Chrono Boost), Warp Prism  
  54  6:43  Protoss Ground Armor Level 1  
  56  6:56  Stargate  
  56  6:59  Probe, Stargate  
  57  7:05  Assimilator  
  57  7:06  Assimilator  
  57  7:11  Probe  
  58  7:23  Probe  
  59  7:37  Stalker  
  59  7:38  Dark Templar  
  59  7:39  Dark Templar  
  59  8:09  Gateway  
  59  8:10  Gateway x2  
  59  8:13  Gateway  
  59  8:25  Dark Templar x2  
  59  8:26  Dark Templar  
  59  9:32  Probe (Chrono Boost)  
  60  9:39  Gateway  
  60  9:40  Gateway  
  60  9:42  Probe (Chrono Boost)  
  60  9:43  Gateway  
  61  9:45  Gateway  
  61  9:47  Probe (Chrono Boost)  
  61  9:48  Pylon  
  61  9:51  Pylon  
  62  9:56  Pylon  
  62  9:58  Probe (Chrono Boost), Photon Cannon x2  
  63  10:00  Photon Cannon  
  63  10:06  Photon Cannon  
  64  10:08  Probe (Chrono Boost), Photon Cannon  
  64  10:13  Probe (Chrono Boost), Photon Cannon  
  63  10:24  Probe  
  64  10:33  Protoss Shields Level 1  
  64  10:35  Protoss Ground Armor Level 2 (Chrono Boost)  
  64  10:41  Void Ray x2  
  72  10:48  Fleet Beacon  
  72  10:50  Photon Cannon  
  72  10:51  Protoss Air Armor Level 1, Photon Cannon  
  72  10:52  Photon Cannon  
  72  10:56  Photon Cannon  
  72  10:57  Photon Cannon  
  72  11:09  Pylon  
  72  11:10  Observer  
  73  11:12  Pylon  
  73  11:15  Pylon  
  73  11:18  Pylon x2  
  73  11:21  Nexus  
  73  11:24  Nexus  
  73  11:28  Pylon  
  73  11:31  Pylon  
  75  11:33  Probe (Chrono Boost)  
  75  11:34  Assimilator  
  75  11:36  Probe x2 (Chrono Boost)  
  76  11:44  Probe (Chrono Boost)  
  76  11:45  Dark Templar x2  
  76  11:46  Dark Templar x5  
  76  11:47  Dark Templar  
  95  11:48  Probe x2 (Chrono Boost)  
  95  11:49  Probe (Chrono Boost)  
  96  11:59  Probe  
  81  12:21  Phoenix x2  
  85  12:37  Cybernetics Core  
  85  12:39  Pylon  
  85  12:43  Protoss Ground Weapons Level 2 (Chrono Boost)  
  85  12:45  Phoenix  
  85  12:46  Gateway, Phoenix  
  85  12:47  Gateway  
  89  12:54  Warp Prism  
  91  13:02  Protoss Air Weapons Level 2 (Chrono Boost)  
  91  13:07  Dark Templar x4  
  91  13:10  Phoenix  
  91  13:11  Probe (Chrono Boost), Phoenix  
  104  13:21  Probe (Chrono Boost)  
  104  13:23  Assimilator  
  104  13:26  Probe (Chrono Boost), Gateway  
  105  13:28  Gateway  
  105  13:30  Gateway  
  106  13:35  Phoenix  
  106  13:38  Probe  
  103  14:16  Dark Templar  
  103  14:17  Dark Templar x2  
  107  14:18  Dark Templar x2  
  107  14:19  Dark Templar x2  
  107  14:20  Dark Templar  
  107  14:21  Dark Templar  
  107  14:22  Dark Templar x2  
  107  14:23  Dark Templar  
  107  14:24  Dark Templar x2  
  129  14:25  Dark Templar  
  129  14:26  Dark Templar  
  113  15:10  Phoenix x2  
  117  15:18  Protoss Shields Level 2  
  117  15:30  Probe (Chrono Boost)  
  117  15:34  Protoss Air Armor Level 2  
  117  15:35  Phoenix x2  
  122  15:36  Protoss Air Weapons Level 3, Assimilator  
  122  15:39  Probe (Chrono Boost)  
  122  15:40  Probe (Chrono Boost)  
  124  15:47  Probe (Chrono Boost)  
  125  15:52  Probe (Chrono Boost)  
  126  16:00  Phoenix x2  
  126  16:03  Probe  
  129  16:25  Phoenix x2  
  123  16:50  Phoenix x2  
  127  17:05  Stalker  
  127  17:06  Stalker x3  
  127  17:07  Stalker x2  
  139  17:09  Stalker x2  
  139  17:10  Stalker x2  
  139  17:11  Stalker x3  
  139  17:12  Stalker x2  
  139  17:13  Stalker  
  139  17:15  Phoenix x2  
  163  17:28  Photon Cannon  
  162  17:30  Photon Cannon, Assimilator  
  162  17:32  Photon Cannon  
  162  17:34  Photon Cannon  
  162  17:36  Photon Cannon  
  160  17:38  Photon Cannon  
  160  17:40  Photon Cannon, Phoenix x2  
  164  18:02  Dark Templar x2  
  164  18:03  Dark Templar x5  
  164  18:04  Dark Templar x4  
  186  18:06  Dark Templar x2  
  166  18:46  Stalker x3  
  166  18:47  Stalker x2  
  166  18:48  Stalker x3  
Show
View Real Time Build Order
Export as new Build Order

Zeratul Zerg 

Build Orders: 1 Base Baneling Bust, Pool First 

Get SALT Encoding   

  12  0:02  Drone  
  13  0:14  Drone  
  14  0:21  Extractor  
  13  0:34  Spawning Pool, Drone  
  13  0:38  Drone  
  14  0:48  Overlord  
  14  0:58  Evolution Chamber  
  14  0:59  Drone  
  14  1:11  Drone  
  15  1:12  Drone  
  16  1:28  Spine Crawler  
  16  1:31  Drone x2  
  17  1:49  Extractor  
  17  1:50  Queen  
  17  1:52  Drone  
  17  1:53  Drone  
  20  2:02  Drone  
  20  2:04  Metabolic Boost  
  21  2:18  Drone  
  22  2:39  Baneling Nest  
  21  2:49  Drone, Hatchery  
  21  2:51  Overlord  
  21  2:59  Zerg Melee Weapons Level 1  
  21  3:24  Zergling x4  
  21  3:25  Zergling x4  
  25  3:36  Zergling x6  
  25  3:40  Zergling x2  
  29  4:07  Queen  
  31  4:10  Zergling x4  
  31  4:11  Zergling x2  
  26  4:53  Zerg Ground Armor Level 1  
  26  4:55  Zergling x14  
  26  4:56  Zergling x4  
  35  5:04  Baneling x4  
  35  5:05  Baneling x2  
  35  5:24  Zergling x2  
  35  5:26  Overlord x2  
  36  5:38  Overlord  
  27  6:06  Baneling x4  
  27  6:07  Baneling x3  
  27  6:13  Baneling x2  
  27  6:16  Zergling x4  
  27  6:17  Zergling x14  
  36  6:35  Roach Warren  
  36  6:36  Lair  
  35  6:51  Zergling x6  
  25  7:44  Hatchery  
  24  7:52  Infestation Pit  
  24  7:58  Zerg Melee Weapons Level 2  
  23  7:59  Hydralisk Den  
  22  8:06  Drone  
  22  8:07  Drone  
  24  8:36  Drone x3  
  27  8:48  Drone x2  
  27  8:49  Drone x4  
  33  8:57  Drone  
  34  9:31  Drone  
  34  9:32  Drone x2  
  34  9:37  Extractor  
  36  9:40  Extractor  
  36  9:41  Spire  
  34  9:47  Roach  
  36  10:14  Zerg Missile Weapons Level 1  
  36  10:41  Roach x2, Hydralisk x2  
  44  10:43  Zergling x4  
  44  10:44  Roach, Hydralisk  
  44  10:45  Hydralisk  
  44  10:46  Overlord  
  44  10:49  Zergling x4  
  54  10:50  Hydralisk  
  56  10:58  Drone  
  56  10:59  Drone x2  
  59  11:26  Hatchery  
  59  11:28  Drone  
  59  11:29  Drone x2  
  61  11:33  Drone x3  
  64  12:08  Zerg Ground Armor Level 2  
  64  12:09  Nydus Network  
  64  12:13  Grooved Spines  
  63  12:15  Glial Reconstitution  
  63  12:19  Mutalisk  
  63  12:20  Mutalisk, Hydralisk  
  63  12:21  Hydralisk  
  63  12:22  Zergling x4  
  73  12:40  Hatchery  
  73  12:41  Drone x2  
  74  12:49  Zergling x10  
  79  12:58  Baneling x6  
  79  12:59  Baneling x2  
  79  13:24  Muscular Augments  
  79  13:31  Overlord  
  79  13:32  Overlord  
  79  13:36  Overlord x2  
  79  13:50  Hive  
  79  13:57  Zergling x12  
  79  13:58  Zergling x6  
  58  15:34  Corruptor x6  
  58  15:35  Corruptor x5  
  74  15:36  Corruptor  
  74  15:41  Mutalisk x3  
  88  15:46  Corruptor  
  90  15:56  Zerg Flyer Weapons Level 1  
  90  16:19  Mutalisk x5  
  100  16:29  Drone x3  
  103  16:35  Drone x3  
  106  16:52  Overlord x2  
  106  17:02  Drone x3  
  106  17:05  Drone  
  106  17:06  Drone  
  111  17:28  Mutalisk, Corruptor  
  111  17:29  Corruptor x2  
  117  17:30  Mutalisk x2  
Show
View Real Time Build Order
Export as new Build Order

Felix Protoss 

Build Orders:  

Get SALT Encoding   

  12  0:03  Probe (Chrono Boost)  
  13  0:15  Probe (Chrono Boost)  
  14  0:22  Pylon  
  14  0:27  Probe (Chrono Boost)  
  15  0:41  Forge  
  15  0:45  Probe  
  16  0:59  Pylon  
  16  1:02  Probe  
  17  1:19  Photon Cannon  
  17  1:22  Photon Cannon  
  17  1:46  Pylon  
  17  2:10  Photon Cannon  
  17  2:11  Photon Cannon  
  17  2:14  Photon Cannon  
  17  2:26  Probe  
  18  2:34  Pylon  
  18  2:38  Probe  
  19  2:50  Probe  
  20  2:57  Photon Cannon  
  20  2:58  Photon Cannon  
  20  3:00  Photon Cannon  
  20  3:02  Pylon  
  20  3:09  Probe  
  21  3:14  Photon Cannon  
  21  3:21  Probe  
  22  3:27  Assimilator  
  22  3:29  Assimilator  
  22  3:37  Gateway  
  22  3:40  Photon Cannon  
  22  3:42  Photon Cannon  
  22  3:54  Pylon  
  22  4:05  Probe (Chrono Boost)  
  23  4:12  Pylon  
  23  4:15  Probe (Chrono Boost), Pylon  
  24  4:20  Probe (Chrono Boost)  
  25  4:33  Pylon  
  25  4:39  Cybernetics Core  
  25  5:17  Twilight Council, Nexus  
  25  6:07  Dark Shrine  
  25  6:09  Warp Gate (Chrono Boost)  
  25  6:11  Gateway  
  25  6:12  Gateway  
  25  6:14  Gateway  
  25  6:17  Gateway  
  25  6:20  Pylon x2  
  25  6:29  Probe (Chrono Boost)  
  26  6:39  Probe (Chrono Boost)  
  27  6:44  Probe (Chrono Boost)  
  28  6:52  Pylon  
  28  6:55  Probe  
  28  6:57  Probe  
  28  7:00  Assimilator  
  30  7:05  Assimilator  
  30  7:07  Probe  
  31  7:09  Probe  
  31  7:12  Forge  
  31  7:13  Protoss Ground Weapons Level 1  
  32  7:19  Probe  
  33  7:26  Probe  
  34  7:31  Probe  
  35  7:38  Probe  
  36  7:56  Probe  
  36  7:58  Probe  
  38  8:02  Stalker x4  
  38  8:03  Stalker  
  48  8:08  Probe  
  48  8:10  Probe  
  48  8:12  Pylon  
  40  8:31  Dark Templar x4  
  40  8:32  Dark Templar  
  48  9:22  Pylon  
  48  9:24  Pylon  
  48  9:25  Stalker x5  
  48  9:30  Protoss Ground Armor Level 1  
  58  9:32  Protoss Ground Weapons Level 2  
  58  9:39  Probe  
  59  9:47  Photon Cannon  
  59  9:49  Photon Cannon  
  59  9:50  Dark Templar x5  
  59  9:51  Photon Cannon  
  59  9:52  Probe  
  70  10:29  Stalker  
  70  10:30  Stalker x4  
  80  10:57  Stalker x5  
  82  11:02  Blink  
  90  11:07  Nexus  
  62  11:50  Stalker x2  
  62  11:51  Stalker x3  
  72  12:10  Photon Cannon  
  72  12:12  Photon Cannon  
  72  12:13  Photon Cannon  
  72  12:22  Dark Templar  
  72  12:23  Dark Templar x4  
  42  12:59  Probe (Chrono Boost)  
  42  13:03  Charge  
  43  13:08  Stargate  
  43  13:09  Probe (Chrono Boost), Stargate  
  43  13:10  Stargate  
  44  13:13  Stargate  
  44  13:14  Probe (Chrono Boost)  
  44  13:17  Stargate  
  45  13:21  Pylon  
  45  13:25  Pylon  
  45  13:26  Probe, Protoss Air Weapons Level 1, Assimilator  
  46  13:29  Assimilator  
  46  13:38  Probe  
  47  13:55  Probe (Chrono Boost)  
  48  14:02  Phoenix x4  
  56  14:04  Phoenix  
  56  14:05  Probe (Chrono Boost)  
  59  14:10  Probe (Chrono Boost)  
  60  14:21  Probe  
  61  14:33  Probe  
  62  14:41  Phoenix  
  62  14:42  Phoenix x4  
  72  14:45  Probe  
  73  14:57  Probe  
  74  15:09  Phoenix x3  
  74  15:10  Probe, Phoenix  
  74  15:11  Phoenix  
  85  15:34  Phoenix x4  
  85  15:35  Protoss Air Armor Level 1  
  93  15:36  Phoenix  
  95  16:02  Cybernetics Core  
  95  16:07  Fleet Beacon  
  95  16:10  Pylon  
  95  16:11  Phoenix x2  
  95  16:12  Pylon  
  95  16:14  Pylon  
  95  16:17  Phoenix  
  101  16:22  Phoenix  
  103  16:27  Phoenix  
  105  17:07  Phoenix x3  
  105  17:08  Phoenix x2  
  115  17:26  Nexus  
  115  17:42  Phoenix x4  
  115  17:43  Phoenix  
Show
View Real Time Build Order
Export as new Build Order

TDIM Zerg 

Build Orders: Pool First 

Get SALT Encoding   

  12  0:03  Drone  
  13  0:08  Drone  
  14  0:37  Spawning Pool, Extractor  
  14  0:38  Drone x2  
  14  0:49  Overlord  
  14  1:07  Drone  
  14  1:08  Drone  
  16  1:23  Queen  
  18  1:44  Spine Crawler  
  18  1:46  Spine Crawler  
  16  1:57  Spine Crawler  
  15  2:06  Drone x3, Spine Crawler  
  17  2:09  Queen  
  20  2:22  Drone  
  20  3:08  Queen  
  20  3:11  Overlord x2  
  22  3:29  Hatchery  
  21  3:37  Drone x2  
  21  3:41  Drone  
  24  3:43  Queen  
  26  4:08  Extractor  
  25  4:35  Drone x2  
  25  4:36  Drone  
  28  4:46  Drone  
  29  5:13  Hatchery  
  28  5:42  Queen x2  
  30  5:46  Drone x2  
  34  5:50  Drone x2  
  34  5:51  Drone x4  
  40  6:10  Drone x2  
  40  6:11  Drone  
  43  6:14  Overlord  
  43  6:27  Drone, Roach Warren  
  43  6:31  Lair  
  43  6:34  Queen  
  45  7:38  Drone x2  
  45  7:39  Drone x3  
  45  7:40  Drone x2  
  52  8:07  Glial Reconstitution  
  52  8:18  Evolution Chamber  
  51  8:20  Evolution Chamber  
  51  8:21  Infestation Pit  
  51  8:26  Roach x4  
  57  8:29  Overlord x5  
  57  8:30  Overlord x5  
  57  8:31  Overlord x2  
  57  8:36  Pneumatized Carapace  
  61  8:48  Roach x3  
  61  8:49  Roach x5  
  61  8:50  Roach x4  
  61  8:51  Roach x2  
  85  9:04  Drone x3  
  88  9:19  Burrow  
  88  9:23  Extractor  
  88  9:24  Extractor  
  86  9:26  Drone x2, Tunneling Claws  
  86  9:28  Drone x3  
  86  9:29  Drone x3  
  94  9:39  Ravager  
  94  9:40  Ravager x3  
  94  9:41  Ravager  
  94  9:42  Ravager x2  
  94  9:43  Ravager  
  102  9:54  Roach x4  
  102  9:55  Roach x6  
  122  10:05  Extractor  
  122  10:06  Extractor  
  121  10:07  Drone x2  
  121  10:08  Drone x3  
  121  10:09  Drone x3  
  128  10:58  Overseer x2  
  128  10:59  Overseer  
  128  11:10  Roach x2  
  128  11:11  Roach x6  
  140  11:12  Roach x5  
  154  11:21  Zerg Missile Weapons Level 1  
  154  11:22  Zerg Ground Armor Level 1  
  89  12:27  Roach x5  
  89  12:28  Roach x6  
  89  12:29  Roach x5  
  121  12:30  Roach x5  
  99  14:13  Roach  
  99  14:14  Roach x6  
  99  14:15  Roach x5  
  99  14:16  Roach x4  
  135  14:17  Roach x2  
  130  14:41  Ravager  
  127  15:18  Hatchery  
  99  15:23  Extractor x2  
  66  15:56  Hydralisk Den, Zerg Missile Weapons Level 2  
  65  15:57  Zerg Ground Armor Level 2  
  65  16:03  Drone x2  
  65  16:04  Drone  
  68  16:05  Drone x3  
  71  16:23  Drone x3  
  71  16:24  Drone  
  71  16:25  Drone x3  
  78  16:42  Queen  
  78  16:46  Hydralisk x6  
  78  16:47  Hatchery, Hydralisk x6  
  88  16:48  Hydralisk x4  
  88  16:53  Extractor  
  110  16:54  Extractor  
  109  17:22  Hydralisk  
  109  17:23  Hydralisk x7  
  109  17:24  Hydralisk x4  
  133  17:31  Grooved Spines  
  133  17:33  Queen  
  135  18:02  Queen  
  135  18:05  Hydralisk x6  
  139  18:06  Hydralisk x6  
  139  18:07  Hydralisk x2  
Tags
 
Add a new tag
Caveats
  • Supply blocks, unpowered buildings, or Contaminate may cause inaccurate times.
  • Supply counts are checked every 10 seconds.